Cogmind - Beta 9.6 @@@ ROGUE MODE // 2020.04.20 @ 23:32:00 Player: heavypress Result: Destroyed by G-50 Soldier with Heavy Laser Performance ------------- Evolutions (3) 1500 Regions Visited (5) 1000 Robots Destroyed (13) 65 Value Destroyed (304) 304 Prototype IDs (3) 60 Alien Tech Used (0) 0 Bonus (0) 0 TOTAL SCORE: 2929 Bonus ------- None Cogmind --------- Core Integrity 0/700 Matter 234/300 Energy 100/100 System Corruption 0% Temperature Cool (9) Movement Core (50) Location -7/Factory Parts ------- > --- POWER (3) -------- (None) > --- PROPULSION (4) --- (None) > --- UTILITY (4) ------ (None) > --- WEAPON (2) ------- (None) > --- INVENTORY (4) ---- Wheel Peak State ------------ > --- POWER ------------ Improved Ion Engine Nuclear Core > --- PROPULSION ------- Xenon Bombardment Thruster Xenon Bombardment Thruster Xenon Bombardment Thruster > --- UTILITY ---------- Hardened Medium Armor Plating > --- WEAPON ----------- Heavy EM Shotgun > --- INVENTORY -------- Xenon Bombardment Thruster Improved ECM Suite Precision Beam Rifle [Rating: 25] Favorites ----------- Power Ion Engine Engine Ion Engine Power Core Nuclear Core Propulsion Xenon Bombardment Thruster Treads Medium Treads Leg Carbon-fiber Leg Wheel Wheel Hover Unit Improved Hover Unit Flight Unit Xenon Bombardment Thruster Utility Small Storage Unit Device Improved ECM Suite Storage Small Storage Unit Protection Hardened Medium Armor Plating Weapon Small Laser Energy Gun Small Laser Energy Cannon Proton Cannon Launcher Mini Grenade Launcher Special Weapon Remote Datajack Build | -11 -10 -9 -9 -8 -7 ------- Run | Scr Mat Mat Min Mat Fac Slots Evolved 6 | . . 2 . 2 2 Power 2 | . . . . 1 1 Propulsion 2 | . . 2 . . . Utility 2 | . . . . 1 1 Weapon . | . . . . . . Parts Attached 33 | 6 . 5 2 10 10 Power 5 | 1 . . 1 3 . Engine 3 | 1 . . 1 1 . Core 2 | . . . . 2 . Reactor . | . . . . . . Propulsion 14 | 2 . 2 . 4 6 Treads 3 | . . . . . 3 Leg 2 | . . . . . 2 Wheel 2 | 2 . . . . . Hover 2 | . . 2 . . . Flight 5 | . . . . 4 1 Utility 4 | 1 . . . 2 1 Device 2 | . . . . 1 1 Storage 1 | 1 . . . . . Processor . | . . . . . . Hackware . | . . . . . . Protection 1 | . . . . 1 . Artifact . | . . . . . . Weapon 10 | 2 . 3 1 1 3 Energy Gun 7 | 2 . 2 1 1 1 Energy Cannon 1 | . . . . . 1 Ballistic Gun . | . . . . . . Ballistic Cannon . | . . . . . . Launcher 1 | . . 1 . . . Special Weapon 1 | . . . . . 1 Impact Weapon . | . . . . . . Slashing Weapon . | . . . . . . Piercing Weapon . | . . . . . . Special Melee Weapon . | . . . . . . Unidentified Prototypes 3 | . . . . 1 2 Parts Lost 27 | . . 6 5 6 10 Power 5 | . . 1 1 2 1 Propulsion 13 | . . 2 2 3 6 Utility 1 | . . . . . 1 Weapon 8 | . . 3 2 1 2 Highest Loss Streak 6 | . . 4 4 6 4 Average Slot Usage (%) 41 | . 85 58 29 43 21 Engine 4 | . 14 7 2 5 . Core 1 | . . . . 3 3 Treads 2 | . . . . . 7 Leg 1 | . . . . . 3 Wheel 6 | . 28 16 . . . Hover 2 | . . 5 11 . . Flight 4 | . . . . 22 2 Device 1 | . . . . . 3 Storage 5 | . 14 11 11 1 . Energy Gun 6 | . 28 11 . 5 . Launcher 1 | . . 8 2 . . Naked Turns 42 | . . . . . 42 Heaviest Build 22 | 11 11 11 8 22 14 Greatest Support 56 | 26 26 26 16 28 56 Greatest Overweight (x) 1 | . . . 1 1 1 Average Overweight (x) . | . . . . . . Largest Inventory Capacity 6 | 6 6 6 6 6 4 Average Capacity 4 | 5 6 6 6 4 4 Most Carried 6 | 4 5 6 2 4 4 Average Carried 2 | 2 3 4 . 2 1 Final Capacity 6 | 6 6 6 6 4 4 Final Carried 5 | 3 5 2 . 2 1 Class Distribution -------------------- 97% | Mutant Dominant Class ---------------- Mutant | -10/Materials Mutant | -9/Materials Mutant | -9/Mines Mutant | -8/Materials Mutant | -7/Factory Resources | -11 -10 -9 -9 -8 -7 ----------- Run | Scr Mat Mat Min Mat Fac Matter Collected 562 | 230 30 58 174 70 . Remotely . | . . . . . . Salvage Created 284 | . 60 178 46 . . Parts 21 | . 5 15 1 . . Haulers Intercepted . | . . . . . . Recyclers Shooed . | . . . . . . Parts Field Recycled . | . . . . . . Retrieved Matter . | . . . . . . Parts Self-Destructed . | . . . . . . Prevented . | . . . . . . Kills | -11 -10 -9 -9 -8 -7 ------- Run | Scr Mat Mat Min Mat Fac Combat Hostiles Destroyed 5 | . 1 4 . . . Guns 2 | . 1 1 . . . AOE 3 | . . 3 . . . Classes Destroyed 8 | . 2 5 1 . . Worker 1 | . . 1 . . . Builder 1 | . . 1 . . . Tunneler 2 | . . 2 . . . Recycler 1 | . . . 1 . . Mechanic 1 | . . 1 . . . Watcher 2 | . 1 1 . . . Grunt 2 | . 1 1 . . . Sentry 3 | . . 3 . . . Best Kill Streak 4 | . 1 4 1 . . Combat Bots Only 2 | . 1 2 . . . Max Kills in Single Turn 1 | . 1 1 1 . . Gunslinging . | . . . . . . Exploded 1 | . . 1 . . . Melee . | . . . . . . Uniques/NPCs Destroyed . | . . . . . . Combat | -11 -10 -9 -9 -8 -7 -------- Run | Scr Mat Mat Min Mat Fac Damage Taken 3562 | . 44 575 411 813 1719 Core 1271 | . . 171 210 185 705 Absorbed by Shields . | . . . . . . Core Remaining (%) 67 | 100 100 . 4 66 . Volleys Fired 40 | . 5 23 7 . 5 Largest 2 | . 2 2 1 . 1 Hottest 80 | . 80 80 40 . 75 Shots Fired 57 | . 10 35 7 . 5 Gun 30 | . 10 15 5 . . Cannon 1 | . . . . . 1 Launcher 22 | . . 20 2 . . Special 4 | . . . . . 4 Kinetic . | . . . . . . Thermal 30 | . 10 15 5 . . Explosive 22 | . . 20 2 . . Electromagnetic 1 | . . . . . 1 Robot Hit Streak 8 | . 8 7 8 . 5 Robot Miss Streak 3 | . . 3 1 . . Penetration Max . | . . . . . . Secondary Targets . | . . . . . . Shots Hit Robots 42 | . 8 23 6 . 5 Core Hits 24 | . 3 17 3 . 1 Critical Hits . | . . . . . . Critical Kills . | . . . . . . Critical Parts Destroyed . | . . . . . . Melee Attacks . | . . . . . . Impact . | . . . . . . Slashing . | . . . . . . Piercing . | . . . . . . Sneak Attacks . | . . . . . . Combat Hostiles . | . . . . . . Follow-up Attacks . | . . . . . . Damage Inflicted 1009 | . 89 724 162 . 34 Guns 242 | . 89 108 45 . . Cannons 28 | . . . . . 28 Explosions 733 | . . 616 117 . . Melee . | . . . . . . Ramming 6 | . . . . . 6 Kinetic . | . . . . . . Thermal 242 | . 89 108 45 . . Explosive 733 | . . 616 117 . . Electromagnetic 28 | . . . . . 28 Impact . | . . . . . . Slashing . | . . . . . . Piercing . | . . . . . . Highest Corruption 6 | . . 6 6 . . Average Corruption 6 | . . 6 6 . . Corruption Purged . | . . . . . . Effects 8 | . . 3 5 . . Heat Flow Errors 4 | . . 3 1 . . Energy Discharges 2 | . . . 2 . . Data Loss (minor) 1 | . . . 1 . . Targeting Errors 1 | . . . 1 . . Overload Shots . | . . . . . . Overflow Damage 18 | . . 18 . . . Projectiles . | . . . . . . Explosions 18 | . . 18 . . . Melee . | . . . . . . Knockbacks . | . . . . . . Impact . | . . . . . . Kinetic . | . . . . . . Secondary . | . . . . . . Self-Inflicted Damage 129 | . . 126 . . 3 Shots 5 | . . 5 . . . Rammed 2 | . . . 1 . 1 Targets Rammed 2 | . . . 1 . 1 Kicked . | . . . . . . Crushed . | . . . . . . Highest Temperature 260 | . 72 243 84 260 15 Average Temperature 90 | . 30 91 37 127 6 Received Heat Transfer 951 | . 24 72 144 216 495 Siege Activations . | . . . . . . Robots Corrupted . | . . . . . . Combat Hostiles . | . . . . . . Parts Fried . | . . . . . . Impact Corruptions . | . . . . . . Robots Melted . | . . . . . . Combat Hostiles . | . . . . . . Parts Melted . | . . . . . . Heat Transferred 550 | . 200 250 100 . . Parts Sabotaged . | . . . . . . Parts Stolen . | . . . . . . Parts Stripped . | . . . . . . Power Chain Reactions . | . . . . . . Missiles Intercepted . | . . . . . . Alert | -11 -10 -9 -9 -8 -7 ------- Run | Scr Mat Mat Min Mat Fac Peak Influence 226 | . 72 226 137 78 30 Average Influence 52 | . 40 133 95 51 6 Maximum Alert Level 1 | . . 1 . . . Low Security (%) 98 | 100 100 89 100 100 100 Level 1 1 | . . 10 . . . Level 2 . | . . . . . . Level 3 . | . . . . . . Level 4 . | . . . . . . Level 5 . | . . . . . . High Security . | . . . . . . Max Security . | . . . . . . Squads Dispatched 7 | . 1 2 . 2 2 Investigation 1 | . . . . . 1 Extermination . | . . . . . . Reinforcement 6 | . 1 2 . 2 1 Assault . | . . . . . . Garrison . | . . . . . . Intercept . | . . . . . . Construction Impeded . | . . . . . . Haulers Reinforced . | . . . . . . Stealth | -11 -10 -9 -9 -8 -7 --------- Run | Scr Mat Mat Min Mat Fac Distress Signals 6 | . . 2 . 3 1 Communications Jammed . | . . . . . . Distress Signals . | . . . . . . Times Spotted 82 | . 4 9 8 38 23 Peak Tracking Total 24 | . 2 3 8 24 8 Tactical Retreats 10 | . . 2 . 2 6 Traps | -11 -10 -9 -9 -8 -7 ------- Run | Scr Mat Mat Min Mat Fac Traps Triggered . | . . . . . . Indirectly . | . . . . . . Trap Hack Attempts . | . . . . . . Triggered . | . . . . . . Disarmed . | . . . . . . Reprogrammed . | . . . . . . Reused . | . . . . . . Traps Extracted . | . . . . . . Installed . | . . . . . . Triggered . | . . . . . . Machines | -11 -10 -9 -9 -8 -7 ---------- Run | Scr Mat Mat Min Mat Fac Machines Disabled 3 | . . . 3 . . Max in Single Turn 3 | . . . 3 . . Machines Sabotaged . | . . . . . . Garrisons Compromised . | . . . . . . Overloaded Fab Kills . | . . . . . . Fab Network Shutdowns . | . . . . . . Hacking | -11 -10 -9 -9 -8 -7 --------- Run | Scr Mat Mat Min Mat Fac Machines Accessed 3 | . 1 . . 1 1 Terminals 2 | . 1 . . 1 . Fabricators . | . . . . . . Repair Stations . | . . . . . . Recycling Units 1 | . . . . . 1 Scanalyzers . | . . . . . . Garrison Access . | . . . . . . Total Hacks 7 | . 3 . . 2 2 Successful 4 | . 1 . . 2 1 Failed 3 | . 2 . . . 1 Catastrophic 1 | . . . . . 1 Database Lockouts . | . . . . . . Manual . | . . . . . . Terminals 5 | . 3 . . 2 . Fabricators . | . . . . . . Repair Stations . | . . . . . . Recycling Units 2 | . . . . . 2 Scanalyzers . | . . . . . . Garrison Access . | . . . . . . Terminal Hacks 3 | . 1 . . 2 . Alert Level 1 | . . . . 1 . Hauler Manifests 1 | . . . . 1 . Zone Layout 1 | . 1 . . . . Fabricator Hacks . | . . . . . . Repair Station Hacks . | . . . . . . Recycling Unit Hacks 1 | . . . . . 1 Retrieve Components 1 | . . . . . 1 Scanalyzer . | . . . . . . Garrison Access Hacks . | . . . . . . Unauthorized Hacks . | . . . . . . Terminals . | . . . . . . Fabricators . | . . . . . . Repair Stations . | . . . . . . Recycling Units . | . . . . . . Scanalyzers . | . . . . . . Garrison Access . | . . . . . . Data Cores Recovered . | . . . . . . Used . | . . . . . . Hacking Detections 3 | . 1 . . 1 1 Full Trace Events 1 | . . . . . 1 Feedback Events . | . . . . . . Feedback Blocked . | . . . . . . Robot Schematics Acquired . | . . . . . . Robots Built . | . . . . . . Matter . | . . . . . . Time . | . . . . . . Total Robot Build Rating . | . . . . . . Part Schematics Acquired . | . . . . . . Parts Built . | . . . . . . Matter . | . . . . . . Time . | . . . . . . Total Part Build Rating . | . . . . . . Parts Repaired . | . . . . . . Time . | . . . . . . Parts Recycled . | . . . . . . Recycled Matter . | . . . . . . Retrieved Matter . | . . . . . . Retrieved Components 2 | . . . . . 2 Parts Scanalyzed . | . . . . . . Part Schematics Acquired . | . . . . . . Parts Damaged . | . . . . . . Bothacking | -11 -10 -9 -9 -8 -7 ------------ Run | Scr Mat Mat Min Mat Fac Used RIF Installer . | . . . . . . Robots Hacked 1 | . . . . . 1 Non-combat . | . . . . . . Combat 1 | . . . . . 1 Robot Hacks Applied 2 | . . . . . 2 parse_system 2 | . . . . . 2 Relay Couplers Released . | . . . . . . Robots Rewired . | . . . . . . Allies Hacked . | . . . . . . Hacks Repelled . | . . . . . . Allies | -11 -10 -9 -9 -8 -7 -------- Run | Scr Mat Mat Min Mat Fac Total Allies . | . . . . . . Largest Group . | . . . . . . Highest-Rated Group . | . . . . . . Highest-Rated Ally . | . . . . . . Total Orders . | . . . . . . Ally Attacks . | . . . . . . Total Damage . | . . . . . . Kills . | . . . . . . Allies Corrupted . | . . . . . . Allies Melted . | . . . . . . Intel | -11 -10 -9 -9 -8 -7 ------- Run | Scr Mat Mat Min Mat Fac Robot Analysis Total . | . . . . . . Derelict Logs Recovered . | . . . . . . Drone Launches . | . . . . . . Drone Recoveries . | . . . . . . Exploration | -11 -10 -9 -9 -8 -7 ------------- Run | Scr Mat Mat Min Mat Fac Turns Passed 1218 | 58 141 225 150 210 434 Spaces Moved 1339 | 53 125 200 192 428 341 Core 136 | 12 . . 36 20 68 Treads 113 | . . . . . 113 Legs 84 | . . . . . 84 Wheels 317 | 41 125 151 . . . Hover 205 | . . 49 156 . . Flight 484 | . . . . 408 76 Fastest Speed 31 | 50 90 56 56 31 40 Average Speed 75 | 80 90 80 66 43 112 Slowest Speed 160 | 90 90 90 100 120 160 Overloaded Moves . | . . . . . . Propulsion Burnouts . | . . . . . . Robots Hopped 21 | . . . . 21 . Cave-ins Triggered 1 | . . 1 . . . Exploration Rate (%) 25 | 5 31 25 33 51 9 Regions Visited 5 Branch Regions 1 Pre-discovered Areas . | . . . . . . Known Exits Taken . | . . . . . . Unknown Exits Taken 5 | 1 1 1 1 1 . Scrap Searched 1 | . . . 1 . . Spaces Dug . | . . . . . . Terrain Destroyed 153 | . . 136 17 . . Melee . | . . . . . . Projectile . | . . . . . . AOE 153 | . . 136 17 . . Actions | -11 -10 -9 -9 -8 -7 --------- Run | Scr Mat Mat Min Mat Fac Total 1469 | 69 144 229 207 431 389 Wait 33 | . 7 1 6 . 19 Move 1295 | 52 124 199 191 388 341 Hop 18 | . . . . 18 . Pick Up 38 | 10 5 1 . 12 10 Fast Attach . | . . . . . . Attach 32 | 6 . 4 2 10 10 Detach . | . . . . . . Swap 1 | . . 1 . . . Drop 10 | 1 3 . . 3 3 Fire 40 | . 5 23 7 . 5 Melee . | . . . . . . Ram 2 | . . . 1 . 1 Kick . | . . . . . . Crush . | . . . . . . Escape Stasis . | . . . . . . Rewire . | . . . . . . Trap . | . . . . . . Miscellaneous . | . . . . . . Route ------- -11/Scrapyard -10/Materials -9/Materials -9/Mines (discovered 2 exits: *Mat x2) -8/Materials -7/Factory History --------- Turn | Location | Event 29 | -11/Scrapyard | Discovered new exit (range 16) 59 | -11/Scrapyard | Entered Materials 167 | -10/Materials | Discovered new exit (range 15) 200 | -10/Materials | Entered another Materials area 200 | -9/Materials | Evolved 2 slots: Propulsion x2 316 | -9/Materials | Build established: Mutant 342 | -9/Materials | Crushed by falling debris 373 | -9/Materials | Lost 4 parts (1p1n2w) 407 | -9/Materials | Discovered new exit (range 11) 425 | -9/Materials | Entered Mines 434 | -9/Mines | Discovered new exit (range 9) 470 | -9/Mines | Core integrity fell below 50% 505 | -9/Mines | Lost 4 parts (1p1n2w) 542 | -9/Mines | Core integrity fell below 20% 567 | -9/Mines | Discovered new exit (range 9) 575 | -9/Mines | Entered Materials 575 | -8/Materials | Evolved 2 slots: Power x1, Utility x1 782 | -8/Materials | Discovered new exit (range 3) 785 | -8/Materials | Entered Factory 785 | -7/Factory | Evolved 2 slots: Power x1, Utility x1 816 | -7/Factory | Lost 6 parts (2p3n1w) 1023 | -7/Factory | Lost 4 parts (1p1n1u1w) 1160 | -7/Factory | Core integrity fell below 50% 1215 | -7/Factory | Core integrity fell below 20% 1219 | -7/Factory | Destroyed by G-50 Soldier with Heavy Laser Last Messages --------------- Imp. ECM Suite destroyed. Med. Treads destroyed. ALERT: Hostiles spotted, dispatching reinforcements to Terminal F018. Connecting with Recycling Unit... Current location identified: Factory >>Retrieve(Components) Retrieving 2 components... Proton Cannon Imp. Armor Integrity Analyzer ALERT: Suspicious activity at Recycling Unit F003. Dispatching Investigation squad. Med. Treads destroyed. Acquired Proton Cannon. Proton Cannon destroyed. Slammed into L-41 Fighter. W-25 Informer sends out distress signal. K-01 Serf destroyed. Acquired Wheel. R-06 Scavenger collects Sml. Matter Pod. U-05 Engineer lays Concrete. Map ----- +----------------------------------------------------+ | ?????????????????????????????????????????????????? | | ?????????????????????????????????????????????????? | | ?????????????????????????????????????????????????? | | ?????????????????????????????????????????????????? | | ?????????????????????????????????????????????????? | | ?????????????????????????????????????????????????? | | ?????????????????????????????????????????????????? | | ?????????????????????????????????????????????????? | | ?????????????????????????????????????????????????? | | ?????????????????????????????????????????????????? | | ?????????????????????????????????????????????????? | | ?????????????????????????????????????????????????? | | ?????????????????????????????????????????????????? | | ?????????????????????????????????????????????????? | | ???????????????????????#############?????????????? | | ???????????????????????# #?????????#???? | | ???????????????????????# #????????? ???? | | ???????????????????????# #????????? "??? | | ???????????????????????# ] #???????? "??? | | ???????????????????????# * #????????" "??? | | ???????????????????????# ??????????" "??? | | ???????????????????????# [ ????????????" "??? | | ????????????????????????? ?????????????? ??? | | ?????????????#####/########+#################+#### | | ?????????? k k | | ?????????? r @ | | ????????????"" " r u | | ?????????????" """ | | ?????????????? G | | ????????????? """ g gg g | | ???????????????? " k k Y | | ??????????????? ###############+#########+### | | ??????????????? !!* r??????????????? ??# # | | ??????????????? !!* ????????????????""" ?# """ # | | ?????????????" !**?????????????????""" ## """ # | | ?????????????? ??????????????????""" ?# """ # | | ?????????????? ???????????????????????# # | | ???????????????? ????????????????????????# """ # | | ?????????????????????????????????????????# """ # | | ?????????????????????????????????????????# """ # | | ?????????????????????????????????????????# # | | ?????????????????????????????????????????# # | | ?????????????????????????????????????????##+##+### | | ??????????????????????????????????????????# | | ?????????????????????????######?????####### | | ?????????????????????????# #?????# | | ?????????????????????????# "" #?????# ##### | | ?????????????????????????#!"" ####### #???# | | ?????????????????????????# Y" + #???####+### | | ?????????????????????????# "" # ##### #??????????# | +----------------------------------------------------+ Best States ------------- Heat Dissipation 34 Energy Generation 23 Energy Capacity 405 Matter Stores 300 Matter Capacity 300 Sight Range 16 Terrain Scan Density 10 ECM Strength 2 Armor Coverage 225 Evasion (%) 63 Recoil Reduction 2 Item Schematics ----------------- None Robot Schematics ------------------ None Fabricated ------------ Nothing Alien Tech Used ----------------- None Achievements -------------- Hunted Unlikely Earthworm Challenges ------------ None Game ------ Seed FlightBiomechanicalScrap Manual? 0 Play Time 00:27:16 Cumulative 11.3 hours Start 2020.04.20 @ 23:03:33 End 2020.04.20 @ 23:32:00 Sessions 1 Manual Loads 0 Difficulty Rogue Special Mode None Game No. 20 Rogue 20 Adventurer 0 Explorer 0 Win Type - Total 0 Types 0/0/0/0/0/0/0 Lore% 17 Gallery% 20 Achievement% 15 Wizard Run 0 Options --------- ASCII 0 Keyboard 0 Movement Mouse Keybinds 0 Fullscreen 1 Font 18/SmallcapsGlow Map View 76x50 Tactical HUD 0 Map Filters NONE Filters NONE Steam 1 RUN: 677f7270-f5a1-4160-b638-145d27ebafab